 Dungeon Crawl Stone Soup version 0.23.2-30-g0e89c35649 (webtiles) character file.

Game seed: 12238492463233255564

219 Masnef the Cudgeler (level 5, -1/46 HPs)
             Began as a Minotaur Fighter on June 24, 2019.
             Killed by divine providence
             ... invoked by an orc priest
              (15 damage)
             ... on level 3 of the Dungeon.
             The game lasted 00:02:33 (2215 turns).

Masnef the Cudgeler (Minotaur Fighter)              Turns: 2215, Time: 00:02:33

Health: -1/46      AC:  7    Str: 21    XL:     5   Next: 63%
Magic:  4/4        EV:  9    Int:  5    God:
Gold:   161        SH:  4    Dex: 10    Spells: 4/4 levels left

rFire    . . .     SeeInvis .   a - +0 flail
rCold    . . .     Gourm    .   i - +0 buckler (curse)
rNeg     . . .     Faith    .   b - +0 scale mail
rPois    .         Spirit   .   (helmet restricted)
rElec    .         Reflect  .   (no cloak)
rCorr    .         Harm     .   (no gloves)
MR       .....                  (no boots)
Stlth    ..........             (no amulet)
HPRegen  0.15/turn              (no ring)
MPRegen  0.09/turn              (no ring)

@: no status effects
A: retaliatory headbutt, horns 2
a: no special abilities


You were on level 3 of the Dungeon.
You were not hungry.

You visited 1 branch of the dungeon, and saw 3 of its levels.

You collected 161 gold pieces.

Inventory:

Hand Weapons
 a - a +0 flail (weapon)
Armour
 b - a +0 scale mail (worn)
 c - a +0 shield
 i - a cursed +0 buckler (worn)
Scrolls
 e - 2 scrolls of remove curse {unknown}
 g - 4 scrolls of teleportation {unknown}
 h - a scroll of magic mapping {unknown}
 j - 2 scrolls of enchant armour {unknown}
 k - a scroll of identify {unknown}
 n - a scroll of immolation {unknown}
 o - a scroll of blinking {unknown}
Potions
 d - 2 potions of might
 l - a potion of brilliance {unknown}
 m - a potion of flight {unknown}
Comestibles
 f - 6 rations


   Skills:
 - Level 3.8 Fighting
 + Level 6.9 Maces & Flails
 - Level 3.9 Armour
 - Level 3.8 Shields


You had 4 spell levels left.
You didn't know any spells.
Your spell library was empty.

Dungeon Overview and Level Annotations

Branches:
Dungeon (3/15)

Altars:


Innate Abilities, Weirdness & Mutations

You reflexively headbutt those who attack you in melee.
You have a pair of horns on your head.


Message History

You are too injured to fight recklessly!
You are too injured to fight recklessly!
You are too injured to fight recklessly!
You are too injured to fight recklessly!
You are too injured to fight recklessly!
You are too injured to fight recklessly!
You are too injured to fight recklessly!
You are too injured to fight recklessly!
You are too injured to fight recklessly!
You are too injured to fight recklessly!
You hit the orc but do no damage. Your headbutt misses the orc.
The orc hits you with a +0 mace.
You barely miss the orc. The orc hits you with a +0 mace.
You sock the orc!
You kill the orc!
You sock the orc priest! Your headbutt misses the orc priest.
The orc priest is heavily wounded.
The orc priest invokes the aid of Beogh against you.
Beogh smites you!
You die...

#.## ##÷.....÷...# #..#
##.###.##.##.....####..#
##.#..................#
##.#######.....#####.# #
#.# ##.†..# # #.# ##...#
# # #.# #..(####..### #
#.# ######.).(........ #
#.# #...o@...####.#### #
#.# #.######.# # #.# #.#
# #.# # #.# # #.# # #.#
# #


You could see an orc priest.

Vanquished Creatures
  Jessica (D:2)
  Natasha (thrice) (D:2)
  4 adders
  3 worms
  2 dart slugs
  2 leopard geckos
  2 orcs (D:3)
  4 giant cockroaches
  7 goblins
  7 hobgoblins
  3 jackals (D:2)
  A quokka (D:2)
  8 bats
  5 frilled lizards
  10 kobolds
  6 rats
68 creatures vanquished.

Notes
Turn   | Place    | Note
-------+----------+-------------------------------------------
     0 | D:1      | Masnef the Minotaur Fighter began the quest for the Orb.
     0 | D:1      | Reached XP level 1. HP: 19/19 MP: 0/0
   142 | D:1      | Reached XP level 2. HP: 27/27 MP: 1/1
   174 | D:1      | Reached skill level 3 in Maces & Flails
   390 | D:1      | Reached XP level 3. HP: 33/33 MP: 2/2
   493 | D:2      | Noticed Jessica
   501 | D:2      | Killed Jessica
   501 | D:2      | Reached skill level 4 in Maces & Flails
   577 | D:2      | Noticed Natasha
   585 | D:2      | Killed Natasha
   585 | D:2      | Reached skill level 5 in Maces & Flails
   585 | D:2      | Reached XP level 4. HP: 29/40 MP: 3/3
   603 | D:2      | Noticed Natasha
   618 | D:2      | Killed Natasha
   627 | D:2      | Noticed Natasha
   630 | D:2      | HP: 2/40 [Natasha/magic dart (9)]
   635 | D:2      | Killed Natasha
   635 | D:2      | Reached skill level 6 in Maces & Flails
   635 | D:2      | Reached XP level 5. HP: 3/46 MP: 4/4
  2215 | D:3      | Killed from afar by an orc priest

Skill      XL: |  1  2  3  4 |
---------------+-------------+-----
Maces & Flails | 3 5 6 |  6.9
Fighting       | |  3.8
Armour         | |  3.9
Shields        | |  3.8

Action                   |  1- 3 |  4- 6 || total
-------------------------+-------+-------++-------
Melee: Flail             |    63 |   112 ||   175
       Headbutt          |     8 |    13 ||    21
  Use: Scroll            |     2 |       ||     2
  Eat: Chunk             |       |     4 ||     4
Armor: Scale mail        |    35 |    52 ||    87
Dodge: Dodged            |    31 |    49 ||    80
Block: Shield            |     8 |       ||     8
       Buckler           |     7 |    29 ||    36
